 Dungeon Crawl Stone Soup version 0.25.0-10-g039870ee82 (webtiles) character file.

Game seed: 12581087988471689238

97285 Kerr0r the Severer (level 16, -11/151 HPs)
             Began as a Hill Orc Monk on June 22, 2020.
             Was a Believer of Beogh (penitent).
             Smitten by Beogh (52 damage)
             ... on level 2 of the Snake Pit on June 23, 2020.
             The game lasted 01:44:43 (37097 turns).

Kerr0r the Severer (Hill Orc Monk)                 Turns: 37097, Time: 01:44:44

Health: -11/151    AC: 27    Str: 21    XL:     16   Next: 19%
Magic:  28/28      EV:  8    Int:  8    God:    Beogh [*]
Gold:   1150       SH:  8    Dex: 15    Spells: 15/15 levels left

rFire    . . .     SeeInvis .   K - +5 broad axe (flame)
rCold    . . .     Gourm    .   m - +0 buckler
rNeg     + + .     Faith    .   W - +1 plate armour
rPois    .         Spirit   .   A - +2 helmet
rElec    .         Reflect  +   (no cloak)
rCorr    +         Harm     .   j - +2 pair of gloves
MR       ++...                  l - +0 pair of boots
Stlth    ..........             n - amulet of reflection
HPRegen  0.35/turn              T - ring of Wasaegh {rN++ rCorr}
MPRegen  0.21/turn              w - ring of protection from magic

@: no status effects
A: thin skeletal structure 1, dopey 1
a: Renounce Religion


You were on level 2 of the Snake Pit.
You worshipped Beogh.
Beogh was demanding penance.
You were not hungry.

You visited 4 branches of the dungeon, and saw 26 of its levels.

You collected 3274 gold pieces.
You spent 2124 gold pieces at shops.

Inventory:

Hand Weapons
 a - a +0 hand axe of freezing
 D - a +0 battleaxe
 K - a +5 broad axe of flaming (weapon)
Armour
 j - a +2 pair of gloves (worn)
 l - a +0 pair of boots (worn)
 m - a +0 buckler (worn)
 A - a +2 helmet (worn)
 C - a +0 pair of gloves
 W - a +1 plate armour (worn)
Jewellery
 e - an uncursed ring of stealth
 n - an amulet of reflection (around neck)
 w - a ring of protection from magic (right hand)
 T - the ring of Wasaegh (left hand) {rN++ rCorr}
   (You found it on level 6 of the Lair of Beasts)

   [ring of resist corrosion]

   It greatly protects you from negative energy.
   It provides partial protection from all sources of acid and corrosion.
 X - an uncursed ring of protection from cold
 Y - an uncursed ring of protection from fire
 Z - an uncursed ring of ice
Wands
 t - a wand of flame (22)
 u - a wand of acid (12)
 v - a wand of polymorph (19)
 x - a wand of random effects (8)
 E - a wand of digging (7)
 J - a wand of clouds (12)
 S - a wand of iceblast (29)
Scrolls
 d - 15 scrolls of remove curse
 i - 4 scrolls of amnesia
 k - a scroll of blinking
 o - 6 scrolls of fog
 p - a scroll of enchant weapon
 q - a scroll of immolation
 s - 11 scrolls of teleportation
 y - 3 scrolls of fear
 G - 2 scrolls of magic mapping
 N - a scroll of brand weapon
 R - 9 scrolls of identify
 V - 2 scrolls of torment
Potions
 b - a potion of might {unknown}
 f - 2 potions of mutation
 g - 5 potions of brilliance
 h - 3 potions of stabbing
 r - 2 potions of cancellation
 z - 3 potions of lignification
 B - 3 potions of magic
 F - 3 potions of haste
 H - a potion of ambrosia
 I - 2 potions of invisibility
 L - 10 potions of degeneration
 M - 6 potions of curing
 O - 2 potions of resistance {unknown}
 P - 3 potions of flight {unknown}
Comestibles
 c - 48 rations


   Skills:
 + Level 16.2 Fighting
 + Level 17.6 Axes
 * Level 16.0 Armour
 - Level 2.5 Dodging
 - Level 1.7 Stealth
 + Level 16.9 Invocations


You had 15 spell levels left.
You didn't know any spells.
Your spell library contained the following spells:

 Spells                   Type           Power        Failure   Level  Hunger
 Animate Skeleton         Necr           N/A          100%        1    ##.....
 Apportation              Tloc           #.....       100%        1    ##.....
 Pain                     Necr           #...         100%        1    ##.....
 Sting                    Tmut/Pois      #...         100%        1    ##.....
 Summon Butterflies       Summ           #.......     100%        1    ##.....
 Blink                    Tloc           N/A          100%        2    ###....
 Poisonous Vapours        Pois/Air       #.....       100%        2    ###....
 Shroud of Golubria       Chrm/Tloc      #.....       100%        2    ###....
 Swiftness                Chrm/Air       #.......     100%        2    ###....
 Conjure Flame            Conj/Fire      #.......     100%        3    ####...
 Gell's Gravitas          Tloc           #.........   100%        3    ####...
 Ignite Poison            Fire/Tmut/Pois #.......     100%        3    ####...
 Lesser Beckoning         Tloc           #.........   100%        3    ####...
 Mephitic Cloud           Conj/Pois/Air  #.......     100%        3    ####...
 Static Discharge         Conj/Air       #.......     100%        3    ####...
 Teleport Other           Tloc           #.......     100%        3    ####...
 Tukima's Dance           Hex            #.......     100%        3    ####...
 Vampiric Draining        Necr           #.........   100%        3    ####...
 Animate Dead             Necr           N/A          100%        4    #####..
 Dispel Undead            Necr           #.......     100%        4    #####..
 Olgreb's Toxic Radiance  Pois           #.......     100%        4    #####..
 Passage of Golubria      Tloc           N/A          100%        4    #####..
 Agony                    Necr           #.......     100%        5    ######.
 Alistair's Intoxication  Tmut/Pois      #.......     100%        5    ######.
 Freezing Cloud           Conj/Ice/Air   #.........   100%        6    #######
 Invisibility             Hex            #.......     100%        6    #######
 Ring of Flames           Chrm/Fire      #.........   100%        7    #######


Dungeon Overview and Level Annotations

Branches:
Dungeon (15/15)            Temple (0/1) D:7            Lair (6/6) D:8
  Swamp (0/4) Lair:4        Snake (3/4) Lair:4        Slime (0/5) Lair:6
    Orc (2/2) D:11            Elf (0/3) Orc:2        Vaults (0/5) D:13
 Depths (0/5) D:15

Altars:
Cheibriados
Qazlal
Uskayaw
Xom
Beogh

Shops:
D:11 :   D:12 [   Orc:2 =*[*

Annotations:
D:4 Grinder, Natasha
D:6 2 exclusions
Lair:2 exclusion: ice statue


Innate Abilities, Weirdness & Mutations

You have a somewhat thin skeletal structure. (Dex +2, Stealth)
You are dopey. (Int -2)


Message History

You hit the naga warrior but do no damage.
You feel very sick.
Boderik hits you from afar with a +2 trident.
The naga warrior hits you with a +0 hand axe.
The naga warrior completely misses you.
You feel very sick. You block the naga warrior's attack.
The naga warrior closely misses you.
You feel very sick.
You feel very sick.
There is a stone staircase leading up here.
You feel sick.
You climb upwards.
You feel very sick.
There is a stone staircase leading down, spattered with blood here.
You see here an anaconda skeleton.
You start resting.
You feel sick. x25
You are no longer poisoned.
You start resting.
Beogh smites you!
You die...

.## #..### #o# ..## ##o## #o#
#..######## #.o# #)#
.#..<..)..##########o## #o#
...o.o###..........#.# #o#
#####ooo...........#o# #o#
#####....[.....#.# #o#
#.............#o# #o#
####......[@..#.#### #(#
#...............#### #.#
#..........#.....(.# #o# ###
#####...######>..##'##.####.#
o.###.<####.#
#...#.).#..o.#.# #.#...?#
#.######.#.#}..#.##o.o#
#.o..###
#........#.#####(##..o.
#o.#.# ###o.###...# #...)##.
.o.#o# #o## ##..#####...###.


There were no monsters in sight!

Vanquished Creatures
  Kirke (D:12)
  An orc warlord (Snake:3)
  A dire elephant (D:15)
  A fire dragon (Lair:6)
  A vault guard (D:13)
  Erolcha (Orc:1)
  5 naga warriors
  2 hydras (Lair:4)
  A centaur warrior (D:14)
  7 anacondas
  4 two-headed ogres
  2 tengu warriors (D:15)
  2 orc high priests (Orc:2)
  3 naga sharpshooters
  5 shock serpents
  A deep elf knight (D:13)
  A wizard (D:13)
  2 unseen horrors
  A deep elf archer (D:14)
  A naga ritualist (Snake:2)
  8 orc knights
  A wolf spider zombie (D:15)
  An orc sorcerer (Orc:1)
  5 mana vipers
  5 ugly things
  3 cyclopes
  3 elephants (Lair:6)
  2 salamanders
  A manticore (D:13)
  A naga mage (Snake:1)
  11 black mambas
  2 spiny frogs
  5 komodo dragons
  3 polar bears (Lair:4)
  A troll (Orc:1)
  2 hornets (Lair:6)
  7 hippogriffs
  A meliai zombie (D:12)
  3 blink frogs (Lair:3)
  A water elemental (D:11)
  8 yaks
  A human (shapeshifter) (D:15)
  2 hogs (D:12)
  6 wyverns
  Eustachio (D:4)
  A steam dragon (Lair:6)
  A hungry ghost (D:7)
  13 nagas
  2 wargs (Orc:1)
  An acid dragon (Lair:6)
  5 water moccasins
  5 orc warriors
  2 porcupines
  A swamp drake (Lair:6)
  2 sky beasts
  2 ice beasts
  A black bear (D:6)
  4 necrophages (D:7)
  8 ogres
  2 wolves (Lair:3)
  10 centaurs
  A crocodile (Lair:6)
  4 big kobolds
  11 bullfrogs
  A water moccasin zombie (D:9)
  A scorpion (D:6)
  2 killer bees (D:7)
  A howler monkey (D:6)
  9 wights
  2 electric eels
  6 crimson imps
  2 centaur zombies
  A quasit (D:15)
  2 hounds
  A bullfrog zombie (D:5)
  3 orc priests
  4 jellies
  3 bullfrog skeletons
  A gnoll shaman (D:7)
  Natasha (D:4)
  Terence (D:3)
  6 iguanas
  9 orc wizards
  13 worker ants
  A hound zombie (D:6)
  3 hound skeletons
  2 mummies (D:7)
  4 gnolls (D:7)
  8 adders
  4 shadow imps
  A white imp (Lair:2)
  6 oozes
  3 adder skeletons
  4 adder zombies
  5 worms
  4 dart slugs
  5 leopard geckos
  17 orcs
  3 giant cockroaches
  9 goblins
  3 hobgoblins
  8 jackals
  28 kobolds
  3 quokkas
  12 bats
  5 frilled lizards
  A giant cockroach zombie (D:6)
  A leopard gecko skeleton (D:7)
  A leopard gecko zombie (D:5)
  A quokka skeleton (D:9)
  A quokka zombie (D:5)
  8 rats
  4 fungi
  5 plants
432 creatures vanquished.

Vanquished Creatures (collateral kills)
  Gastronok (Lair:1)
  Agnes (D:15)
  Snorg (D:14)
  2 ogre magi
  Harold (Lair:1)
  4 vault guards (D:13)
  7 hydras
  4 naga warriors
  6 anacondas
  A catoblepas (Lair:4)
  A tengu warrior (D:15)
  4 two-headed ogres
  Urug (Lair:2)
  7 shock serpents
  A naga sharpshooter (Snake:2)
  2 orc high priests (Orc:2)
  Sonja (D:12)
  A wizard (D:9)
  2 unseen horrors
  2 naga ritualists (Snake:1)
  A swamp dragon (Lair:6)
  A deep elf archer (D:13)
  6 orc knights (Orc:2)
  3 mana vipers
  A wolf spider (Lair:6)
  10 ugly things
  4 salamanders (Snake:2)
  2 manticores
  3 elephants (Lair:6)
  A cyclops (D:15)
  16 black mambas
  6 guardian serpents
  6 naga magi
  2 centaur zombies (D:15)
  An eye of devastation (D:8)
  9 spiny frogs
  Maggie (Lair:2)
  A rime drake (Lair:6)
  7 komodo dragons
  2 ice devils (Lair:2)
  5 trolls
  4 polar bears
  A blink frog (Lair:3)
  6 hippogriffs
  2 shadows
  2 redbacks (Lair:6)
  A vampire (D:12)
  A steam dragon (Lair:6)
  4 wyverns
  A hog (D:12)
  13 yaks
  2 basilisks
  4 wargs
  7 nagas
  2 acid dragons
  16 water moccasins
  2 swamp drakes
  10 orc warriors
  A sky beast (D:10)
  A black bear (D:10)
  4 ice beasts (Lair:2)
  2 phantoms
  4 wolves (Lair:3)
  9 ogres
  4 centaurs
  8 crocodiles
  8 bullfrogs
  3 scorpions
  2 killer bees (D:7)
  6 wights
  2 crimson imps
  2 bullfrog zombies
  2 jellies (D:9)
  A hound (D:7)
  9 orc wizards
  12 orc priests
  An iguana (Lair:6)
  4 worker ants
  An adder (D:9)
  A shadow imp (D:12)
  2 oozes (D:9)
  A leopard gecko (D:8)
  17 orcs
  5 kobolds
  A quokka (D:12)
  8 fungi
  13 plants
350 creatures vanquished.

Vanquished Creatures (others)
  An orc high priest (D:14)
  4 orc knights
  23 orc warriors
  26 orc priests
  13 orc wizards
  59 orcs
  13 fungi (Lair:6)
  32 plants
171 creatures vanquished.

Grand Total: 953 creatures vanquished

Notes
Turn   | Place    | Note
-------+----------+-------------------------------------------
     0 | D:1      | Kerr0r the Hill Orc Monk began the quest for the Orb.
     0 | D:1      | Reached XP level 1. HP: 19/19 MP: 1/1
   229 | D:1      | Reached XP level 2. HP: 25/27 MP: 2/2
   337 | D:1      | Reached skill level 1 in Armour
   448 | D:1      | Found a snail-covered altar of Cheibriados.
   453 | D:1      | Reached XP level 3. HP: 33/33 MP: 3/3
  1073 | D:2      | Noticed an ogre
  1515 | D:2      | Found a hide-covered altar of Uskayaw.
  1663 | D:2      | Reached XP level 4. HP: 41/41 MP: 4/4
  1914 | D:2      | Reached skill level 5 in Axes
  2399 | D:3      | Became a worshipper of Beogh the Brigand
  2399 | D:3      | Reached * piety under Beogh
  2399 | D:3      | Reached ** piety under Beogh
  3016 | D:3      | Noticed Terence
  3033 | D:3      | Killed Terence
  3033 | D:3      | Reached XP level 5. HP: 30/47 MP: 5/5
  3354 | D:3      | Reached skill level 1 in Invocations
  3492 | D:4      | Gained mutation: You are dopey. (Int -2) [potion of
                  | mutation]
  3492 | D:4      | Gained mutation: You have a somewhat thin skeletal
                  | structure. (Dex +2, Stealth) [potion of mutation]
  3494 | D:4      | Reached skill level 5 in Fighting
  3902 | D:4      | HP: 1/48 [iguana (9)]
  3903 | D:4      | Reached XP level 6. HP: 1/56 MP: 3/7
  4269 | D:4      | Noticed Natasha
  4286 | D:4      | Killed Natasha
  4606 | D:4      | Noticed Eustachio
  4653 | D:4      | Reached skill level 6 in Axes
  4813 | D:4      | Killed Eustachio
  4813 | D:4      | Reached XP level 7. HP: 51/62 MP: 7/9
  5119 | D:4      | Noticed Grinder
  5119 | D:4      | Noticed Natasha
  5122 | D:4      | Paralysed by Grinder for 2 turns
  5266 | D:5      | Entered Level 5 of the Dungeon
  6195 | D:5      | Reached skill level 7 in Axes
  6542 | D:6      | Reached XP level 8. HP: 69/71 MP: 11/11
  6973 | D:6      | Reached skill level 5 in Armour
  6973 | D:6      | Reached skill level 5 in Invocations
  7844 | D:6      | Reached *** piety under Beogh
  8085 | D:7      | Noticed a hippogriff
  8145 | D:7      | Reached skill level 8 in Axes
  8204 | D:7      | Found a shimmering altar of Xom.
  8581 | D:6      | Reached XP level 9. HP: 50/80 MP: 13/13
  8775 | D:7      | Found a staircase to the Ecumenical Temple.
  9310 | D:7      | Reached skill level 9 in Axes
 10760 | D:7      | Reached **** piety under Beogh
 11165 | D:7      | Reached XP level 10. HP: 87/88 MP: 16/16
 11183 | D:8      | Reached skill level 10 in Axes
 11559 | D:8      | Noticed a two-headed ogre
 11579 | D:8      | Noticed an eye of devastation
 11579 | D:8      | a two-headed ogre changed into an eye of devastation
 11579 | D:8      | Killed an eye of devastation
 11985 | D:8      | Found a staircase to the Lair.
 12021 | D:8      | Identified Zeihait's Incunabulum of Gliding Sinister Arts
 12659 | D:9      | Noticed a two-headed ogre
 12678 | D:9      | Killed a two-headed ogre
 12678 | D:9      | Reached skill level 10 in Fighting
 12943 | D:9      | Noticed a wizard
 12951 | D:9      | Killed a wizard
 12951 | D:9      | Reached skill level 11 in Axes
 13048 | D:9      | Gained Boderik as an ally
 13081 | D:9      | Reached ***** piety under Beogh
 13600 | D:9      | Found a stormy altar of Qazlal.
 13674 | D:10     | Entered Level 10 of the Dungeon
 13810 | D:10     | Reached skill level 10 in Invocations
 13894 | D:10     | Killed an unseen horror
 13894 | D:10     | Reached XP level 11. HP: 66/101 MP: 18/18
 14269 | D:10     | Noticed a two-headed ogre
 14274 | D:10     | Killed a two-headed ogre
 14422 | D:10     | Killed an unseen horror
 15225 | D:11     | Noticed a cyan ugly thing
 15225 | D:11     | Noticed a brown ugly thing
 15323 | Lair:1   | Entered Level 1 of the Lair of Beasts
 15478 | Lair:1   | Noticed Gastronok
 15495 | Lair:1   | Killed Gastronok
 15495 | Lair:1   | Reached skill level 12 in Axes
 15801 | Lair:1   | Noticed Harold
 15819 | Lair:1   | Killed Harold
 16148 | Lair:2   | Noticed Maggie
 16158 | Lair:2   | Killed Maggie
 16630 | Lair:2   | Reached skill level 10 in Armour
 16639 | Lair:2   | Found a frozen archway.
 16823 | Lair:2   | Noticed Urug
 16833 | Lair:2   | Killed Urug
 17841 | Lair:3   | Reached XP level 12. HP: 112/112 MP: 20/20
 18532 | Lair:3   | Noticed a four-headed hydra
 18536 | Lair:3   | Killed a one-headed hydra
 18536 | Lair:3   | Reached skill level 13 in Axes
 18854 | Lair:4   | Noticed a four-headed hydra
 18861 | Lair:4   | Killed a one-headed hydra
 19092 | Lair:4   | Found a staircase to the Swamp.
 19166 | Lair:4   | Noticed a catoblepas
 19174 | Lair:4   | Killed a catoblepas
 19287 | Lair:4   | Noticed a seven-headed hydra
 19291 | Lair:4   | Killed a five-headed hydra
 19516 | Lair:4   | Found a staircase to the Snake Pit.
 19797 | Lair:4   | Noticed an eight-headed hydra
 19804 | Lair:4   | Killed a five-headed hydra
 20186 | Lair:5   | Noticed a five-headed hydra
 20194 | Lair:5   | Killed a three-headed hydra
 20955 | Lair:6   | Entered Level 6 of the Lair of Beasts
 20965 | Lair:6   | Reached skill level 14 in Axes
 20966 | Lair:6   | Reached XP level 13. HP: 105/122 MP: 22/22
 21083 | Lair:6   | Reached ****** piety under Beogh
 21614 | Lair:6   | Got a pitted turquoise ring
 21615 | Lair:6   | Identified the ring of Wasaegh {rN++ rCorr} (You found it
                  | on level 6 of the Lair of Beasts)
 22152 | Lair:6   | Found a staircase to the Slime Pits.
 22596 | Lair:6   | Found the +2 Maxwell's thermic engine {flame, freeze}
 22803 | Lair:6   | Noticed a fire dragon
 22825 | Lair:6   | Killed a fire dragon
 22842 | Lair:6   | Gained Nordag as an ally
 23256 | Lair:6   | Reached skill level 15 in Axes
 23971 | D:11     | Found a staircase to the Orcish Mines.
 24014 | Orc:1    | Entered Level 1 of the Orcish Mines
 24452 | Orc:1    | Noticed Erolcha
 24467 | Orc:1    | Killed Erolcha
 24677 | Orc:2    | Entered Level 2 of the Orcish Mines
 24697 | Orc:2    | Found a staircase to the Elven Halls.
 24732 | Orc:2    | Gained Ugbert as an ally
 24739 | Orc:2    | Your ally Ugbert died
 24746 | Orc:2    | Gained Bogric as an ally
 24753 | Orc:2    | Reached XP level 14. HP: 46/132 MP: 24/24
 25266 | Orc:2    | Found Enkoaq's Jewellery Shop.
 25274 | Orc:2    | Bought an uncursed ring of protection from cold for 400
                  | gold pieces
 25274 | Orc:2    | Bought an uncursed ring of protection from fire for 400
                  | gold pieces
 25534 | Orc:2    | Gained Spirok as an ally
 25753 | Orc:2    | Found Poom's General Store.
 25753 | Orc:2    | Found Kurugras's Food Shop.
 25754 | Orc:2    | Found Cyettoyl's Armour Boutique.
 25754 | Orc:2    | Found Qevu's Assorted Antiques.
 25761 | Orc:2    | Bought the +5 flail "Ifural" {vorpal, *Contam rElec rPois
                  | Str+6} for 664 gold pieces
 25765 | Orc:2    | Bought a ration for 55 gold pieces
 25765 | Orc:2    | Bought a ration for 55 gold pieces
 25765 | Orc:2    | Bought a ration for 55 gold pieces
 25765 | Orc:2    | Bought a ration for 55 gold pieces
 25765 | Orc:2    | Bought a ration for 55 gold pieces
 25765 | Orc:2    | Bought a ration for 55 gold pieces
 25765 | Orc:2    | Bought a ration for 55 gold pieces
 25765 | Orc:2    | Bought a ration for 55 gold pieces
 25765 | Orc:2    | Bought a ration for 55 gold pieces
 25765 | Orc:2    | Bought a ration for 55 gold pieces
 25765 | Orc:2    | Bought a ration for 55 gold pieces
 25765 | Orc:2    | Bought a ration for 55 gold pieces
 26173 | D:11     | Gained Ugbert as an ally
 26286 | D:11     | Found Yrograh's Book Boutique.
 26642 | D:12     | Found a gate leading to a gauntlet.
 26642 | D:12     | Noticed Kirke
 26663 | D:12     | Killed Kirke
 26666 | D:12     | Found Zeept's Armour Shop.
 26732 | D:12     | Reached skill level 15 in Invocations
 27051 | D:12     | Noticed Sonja
 27059 | D:12     | Killed Sonja
 27485 | D:12     | Your ally Ugbert died
 27696 | D:12     | Found a roughly hewn altar of Beogh.
 28086 | D:13     | Your ally Spirok died
 28100 | D:13     | Reached skill level 16 in Axes
 28350 | D:13     | Found a gate to the Vaults.
 28438 | D:13     | Reached skill level 15 in Fighting
 28945 | D:14     | Noticed Snorg
 28952 | D:14     | Killed Snorg
 29948 | D:15     | Entered Level 15 of the Dungeon
 30233 | D:15     | Noticed a dire elephant
 30242 | D:15     | Killed a dire elephant
 30245 | D:15     | Reached XP level 15. HP: 88/141 MP: 26/26
 30371 | D:15     | Found a staircase to the Depths.
 30633 | D:15     | Noticed Agnes
 30641 | D:15     | Killed Agnes
 31066 | D:15     | Gained Bogrim as an ally
 31890 | Snake:1  | Entered Level 1 of the Snake Pit
 32175 | Snake:1  | Found a stormy altar of Qazlal.
 32302 | Snake:1  | Your ally Bogrim died
 33306 | Snake:1  | Reached skill level 15 in Armour
 33815 | Snake:1  | Reached skill level 17 in Axes
 34794 | Snake:2  | Gained Arbolt as an ally
 34857 | Snake:2  | Gained Boghold as an ally
 35436 | Snake:2  | Gained Bogfrid as an ally
 35817 | Snake:2  | Reached XP level 16. HP: 151/151 MP: 28/28
 36659 | Snake:3  | Was placed under penance by Beogh
 37097 | Snake:2  | Smitten by Beogh

Illustrated notes

Levels and vault maps discovered:
D:1:      psy_arrival_spokes, layout_rooms, skrybe_limestone_x,
          cheibriados_altar_1
D:2:      layout_basic, overflow_temple_1_default, first_ration,
          minmay_misc_feat_enclosed
D:3:      layout_basic, lemuel_another_geyser, uniq_terence
D:4:      layout_layer_cave, uniq_natasha, uniq_grinder, uniq_eustachio
D:5:      minmay_polygon_palace, layout_rooms, nicolae_ossuary_entry_monument
D:6:      nicolae_whirlpool, layout_basic, kennysheep_generic_room_4
D:7:      kennysheep_kobold_camp, layout_rooms, minmay_temple_entry_arrows,
          serial_undead, serial_undead_d, serial_undead_d, serial_undead_f,
          serial_undead_a, basic_altar
D:8:      layout_cave_pools, lair_entry_dummy
D:9:      layout_roguey, basic_altar, hangedman_little_slice_of_home,
          lightli_wizard_tower
D:10:     layout_roguey, grunt_ministairs_15
D:11:     layout_long_grid, erik_orc_1, kennysheep_diamond
D:12:     layout_rooms, serial_shops, nicolae_shop_stone, special_room
          [special_room_orc], gauntlet_entry_generic, minmay_joined_circles,
          uniq_sonja, uniq_kirke
D:13:     layout_big_octagon, grunt_vaults_entry_fortified
D:14:     layout_loops_ring, minmay_holes, kennysheep_generic_room_15,
          uniq_snorg
D:15:     hangedman_depths_entry_try_elsewhere_first, layout_stronghold,
          hangedman_decor_diamond_cutter, uniq_agnes
Lair:1:   wander_river, layout_long_grid, uniq_harold, uniq_gastronok
Lair:2:   layout_regular_city, portal_ice_cave_demonic_guard, ice2_lemuel,
          uniq_maggie, uniq_urug
Lair:3:   cheibrodos_lair_river_kwai, layout_loops_ring, serial_bayou_ford_a
Lair:4:   layout_regular_city, swamp_mist_pool,
          minmay_snake_entry_guardpost_large, st_stairs_10,
          cheibrodos_lair_lostbears
Lair:5:   layout_cave_shapes
Lair:6:   guppyfry_lair_end_dragon, layout_regular_city,
          hangedman_lair_tendril_chambers, slime_dummy, minivault_24,
          chequers_serial_rivers_micro_b, chequers_serial_rivers_large_a,
          minivault_24
Snake:1:  layout_chambers, basic_altar
Snake:2:  layout_rooms, nrook_guardian_serpent_double
Snake:3:  layout_misc_corridors
Orc:1:    layout_caves, uniq_erolcha
Orc:2:    st_orc_pillars, layout_diamond_mine, serial_shops, nicolae_shop_stone,
          nicolae_orc_flooded_monolith

Skill      XL: |  1  2  3  4  5  6  7  8  9 10 11 12 13 14 15 16 |
---------------+-------------------------------------------------+-----
Fighting       | 4 5 6 7 9 10 11 13 14 15 16 | 16.2
Armour         | 1 2 3 4 6 7 9 10 11 12 14 15 16 | 16.0
Axes           | 5 6 7 8 9 11 12 14 15 16 17 | 17.6
Invocations    | 2 3 4 6 8 10 11 13 14 15 16 | 16.9
Dodging        | |  2.5
Stealth        | |  1.7

Action                   |  1- 3 |  4- 6 |  7- 9 | 10-12 | 13-15 | 16-18 || total
-------------------------+-------+-------+-------+-------+-------+-------++-------
Melee: Hand axe          |   141 |   214 |   671 |   342 |       |       ||  1368
       Broad axe         |       |       |       |   158 |   551 |    54 ||   763
Invok: Convert to Beogh  |       |     1 |       |       |       |       ||     1
       Smiting           |       |     2 |     1 |       |     6 |     3 ||    12
       Recall Orcish Fol |       |       |       |     2 |    17 |     2 ||    21
       Give Item to Name |       |       |       |     1 |     6 |       ||     7
       Stop Recall       |       |       |       |     1 |     1 |       ||     2
       Resurrection      |       |       |       |       |     1 |       ||     1
Evoke: Wand              |       |       |       |     2 |       |       ||     2
  Use: Scroll            |       |    10 |     9 |    12 |     6 |     2 ||    39
       Potion            |       |     3 |     2 |     1 |     9 |       ||    15
 Stab: Sleeping          |     1 |       |       |       |       |       ||     1
       Distracted        |       |       |       |     6 |    13 |       ||    19
  Eat: Chunk             |     2 |     9 |    16 |    19 |    33 |     2 ||    81
       Ration            |       |     1 |     1 |     4 |     4 |     1 ||    11
Armor: Robe              |    13 |       |       |       |       |       ||    13
       Ring mail         |    38 |    22 |       |       |       |       ||    60
       Scale mail        |       |    40 |       |       |       |       ||    40
       Chain mail        |       |    15 |   267 |   300 |   115 |       ||   697
       Plate armour      |       |       |       |       |   204 |    35 ||   239
Dodge: Dodged            |   105 |   104 |   218 |   155 |   192 |     8 ||   782
Block: Buckler           |       |       |   125 |   217 |   220 |    28 ||   590
       Reflection        |       |       |     8 |    16 |    11 |     5 ||    40
